 Dungeon Sprint DCSS version 0.21.2 (webtiles) character file.

16275 Fang the Severer (level 12, -13/132 HPs)
             Began as a Gargoyle Berserker on Sept 18, 2018.
             Was a High Priest of Trog.
             Mangled by a titan (24 damage)
             ... in the Dungeon (Sprint VII: "The Pits").
             The game lasted 00:10:03 (3034 turns).

Fang the Severer (Gargoyle Berserker)               Turns: 3034, Time: 00:10:03

Health: -13/132    AC: 13    Str: 29    XL:     12   Next: 35%
Magic:  12/12      EV: 17    Int: 17    God:    Trog [*****.]
Gold:   13         SH:  0    Dex:  9    Spells: 11/11 levels left

rFire    + . .     SeeInvis .   o - +2 battleaxe "Mud Pie of Death" {flame, Int+7}
rCold    + . .     Gourm    .   (shield currently unavailable)
rNeg     + . .     Faith    .   v - +2 robe {rC+ rF+}
rPois    ∞         Spirit   .   (no helmet)
rElec    +         Reflect  .   (no cloak)
rCorr    .         Harm     .   (no gloves)
MR       .....     NoTele   +   (no boots)
Stlth    ..........             (no amulet)
HPRegen  0.00/turn              (no ring)
MPRegen  0.13/turn              (no ring)

@: berserking, slowed
A: talons 1, negative energy resistance 1, electricity resistance, inhibited
regeneration, unbreathing, petrification resistance, rot immunity, AC +8
a: Berserk, Trog's Hand, Brothers in Arms, Burn Spellbooks, Renounce Religion


You were in the Dungeon.
You worshipped Trog.
Trog was extremely pleased with you.
You were not hungry.

You visited 1 branch You collected 13 gold pieces.

Inventory:

Hand Weapons
 m - a +2 hand axe of freezing
 n - a +4 antimagic battleaxe
 o - the +2 battleaxe "Mud Pie of Death" (weapon) {flame, Int+7}
   (Trog gifted it to you in the Dungeon)

   It has been specially enchanted to burn those struck by it, causing extra
   injury to most foes and up to half again as much damage against particularly
   susceptible opponents.
   Big, fiery blades are also staple armaments of hydra-hunters.
   It affects your intelligence (+7).
 u - the +2 war axe of Lyhuri {chop, Dex+2}
   (You found it in the Dungeon)

   It inflicts extra damage upon your enemies.
   It affects your dexterity (+2).
 x - a +8 broad axe of chopping
 C - a +3 battleaxe of electrocution
Missiles
 y - 4 steel javelins (quivered)
Armour
 v - a +2 robe of resistance (worn)
Jewellery
 q - a +3 ring of strength
 s - a +3 ring of intelligence
Wands
 b - a wand of flame (11)
 A - a wand of enslavement (15)
Scrolls
 i - 2 scrolls of blinking
 k - 5 scrolls of remove curse
 l - a scroll of summoning
 p - 6 scrolls of enchant weapon
 w - 2 scrolls of enchant armour
 B - 3 scrolls of identify
 D - 3 scrolls of fear
Potions
 a - 3 potions of invisibility
 d - 12 potions of curing
 e - 10 potions of heal wounds
 f - 3 potions of haste
 g - 4 potions of magic
 h - 4 potions of berserk rage
 r - 3 potions of resistance
 t - 4 potions of might
 E - a potion of cancellation {unknown}
Miscellaneous
 j - a lamp of fire
Comestibles
 c - 6 rations


   Skills:
 + Level 15.7 Fighting
 + Level 18.4 Axes
 + Level 11.3 Armour
 + Level 11.6 Dodging
 + Level 6.5 Stealth


You had 11 spell levels left.
You didn't know any spells.

Dungeon Overview and Level Annotations

Branches:
Dungeon (1/1)

Altars:
Ashenzari
Cheibriados
Dithmenos
Elyvilon
Fedhas
Gozag
Hepliaklqana
Kikubaaqudgha
Makhleb
Nemelex Xobeh
Okawaru
Qazlal
Ru
Sif Muna
Trog
Uskayaw
Vehumet
Wu Jian
Xom
Yredelemnul
Zin
The Shining One
Beogh
Jiyva
Lugonu


Innate Abilities, Weirdness & Mutations

You are resistant to torment.
Your stone body is resilient. (AC +8)
You are immune to poison.
You resist negative energy. (rN+)
You are resistant to electric shocks. (rElec)
You can survive without breathing.
You are immune to petrification.
You are immune to rotting.
You have sharp toenails.
You do not regenerate when monsters are visible.


Message History

Your troll claws the death cob but does no damage.
The death cob hits you but does no damage.
You closely miss the death cob. Your kick misses the death cob.
The death cob is severely damaged.
The death cob hits you!
* * * LOW HITPOINT WARNING * * *
Your troll bites the death cob!!
Your troll claws the death cob!
The death cob is destroyed!
Trog accepts your kill. Something appears at your feet!
Trog grants you a weapon!
The orc knight roars a battlecry!
The orcs go into a battle-frenzy!
You slash the titan! You burn the titan.
The titan is heavily wounded.
You closely miss the orc.
Your troll bites the orc!!
The orc dies!
Trog accepts your kill. The titan hits you!!
You die...

#..........+
#..........+
###''####''#
###''####''############
#......##....).........
#.#+##.##...)..........
#.#) o.##..############
#.+=o#C##..# #.
#.#oo)@##..# #.
###########.+f%#T##..#
...
.....##..##.##+#.##..#
#.#.
.....##..##......##..#
#...
.....''..##########÷)#
#.#.
.....''..##########..#
....
.....##..............#
.....##...)..........#
######################


You could see a titan, an orc knight, a wandering mushroom, an orc wizard, 2
orcs and a friendly troll (berserk).

Vanquished Creatures
  Rupert (D)
  A minotaur (D)
  An alligator snapping turtle (D)
  A two-headed ogre (D)
  A death yak (D)
  An unseen horror (D)
  A shadow wraith (D)
  A deep troll (D)
  2 flayed ghosts (D)
  A lindwurm (D)
  An orc sorcerer (D)
  A molten gargoyle (D)
  A gargoyle (D)
  A smoke demon (D)
  A spiny frog (D)
  A rime drake (D)
  An efreet (D)
  A hellwing (D)
  A polar bear (D)
  A jumping spider (D)
  2 tyrant leeches (D)
  A bog body (D)
  A hippogriff (D)
  A water elemental (D)
  A fire bat (D)
  A wyvern (D)
  Eustachio (D)
  A hungry ghost (D)
  Edmund (D)
  A warg (D)
  An acid dragon (D)
  A floating eye (D)
  A black bear (D)
  An orc warrior (D)
  2 ice beasts (D)
  A sky beast (D)
  3 killer bees (D)
  A quasit (D)
  5 orc priests (D)
  A jelly (D)
  An iguana (D)
  A gnoll shaman (D)
  An orc wizard (D)
  A mummy (D)
  5 gnolls (D)
  An adder skeleton (D)
  An adder zombie (D)
  A leopard gecko (D)
  4 orcs (D)
  3 ball pythons (D)
68 creatures vanquished.

Vanquished Creatures (collateral kills)
  A death cob (D)
  A merfolk avatar (D)
  A fire crab (D)
  A hellwing (D)
  A red devil (D)
  A hornet (D)
  6 dream sheep (D)
  2 redbacks (D)
  A spriggan (D)
  A soldier ant (D)
  11 wolves (D)
  3 killer bees (D)
  A quasit (D)
  An orc (D)
  A giant cockroach (D)
  A frilled lizard (D)
  A rat (D)
35 creatures vanquished.

Grand Total: 103 creatures vanquished

Notes
Turn   | Place    | Note
-------+----------+-------------------------------------------
     0 | D        | Fang the Gargoyle Berserker began the quest for the Orb.
     0 | D        | Reached XP level 1. HP: 14/14 MP: 1/1
    15 | D        | Reached skill level 3 in Axes
    19 | D        | Found a bloodstained altar of Trog.
    19 | D        | Found a deep blue altar of Sif Muna.
    19 | D        | Found a viscous altar of Jiyva.
    19 | D        | Found a hazy altar of Hepliaklqana.
    19 | D        | Found an opulent altar of Gozag.
    20 | D        | Found a glowing golden altar of the Shining One.
    20 | D        | Found a glowing silver altar of Zin.
    20 | D        | Found a basalt altar of Yredelemnul.
    20 | D        | Found a shimmering altar of Xom.
    20 | D        | Found an ornate altar of the Wu Jian Council.
    20 | D        | Found a sacrificial altar of Ru.
    20 | D        | Found a stormy altar of Qazlal.
    20 | D        | Found an iron altar of Okawaru.
    20 | D        | Found a sparkling altar of Nemelex Xobeh.
    20 | D        | Found a burning altar of Makhleb.
    20 | D        | Found a blossoming altar of Fedhas.
    20 | D        | Found a white marble altar of Elyvilon.
    20 | D        | Found a shadowy altar of Dithmenos.
    20 | D        | Found a snail-covered altar of Cheibriados.
    22 | D        | Found a radiant altar of Vehumet.
    22 | D        | Found a corrupted altar of Lugonu.
    22 | D        | Found a roughly hewn altar of Beogh.
    74 | D        | Reached ** piety under Trog
    74 | D        | Reached XP level 2. HP: 15/20 MP: 2/2
   199 | D        | Noticed a hungry ghost
   203 | D        | Killed a hungry ghost
   203 | D        | Reached *** piety under Trog
   203 | D        | Reached skill level 6 in Axes
   203 | D        | Reached XP level 3. HP: 28/28 MP: 3/3
   203 | D        | Reached XP level 4. HP: 34/34 MP: 4/4
   203 | D        | Reached XP level 5. HP: 38/38 MP: 5/5
   310 | D        | Noticed an orc warrior
   311 | D        | Noticed a floating eye
   318 | D        | Noticed an ice beast
   318 | D        | Reached skill level 7 in Axes
   323 | D        | Killed an orc warrior
   323 | D        | Reached **** piety under Trog
   323 | D        | Reached skill level 8 in Axes
   323 | D        | Reached XP level 6. HP: 46/46 MP: 6/6
   333 | D        | Killed an ice beast
   336 | D        | Reached skill level 9 in Axes
   338 | D        | Paralysed by a floating eye for 3 turns
   341 | D        | Reached skill level 10 in Fighting
   341 | D        | Reached skill level 1 in Stealth
   351 | D        | Reached ***** piety under Trog
   351 | D        | Reached XP level 7. HP: 25/52 MP: 7/7
   359 | D        | Received a gift from Trog
   362 | D        | Paralysed by a floating eye for 4 turns
   370 | D        | Reached skill level 5 in Armour
   372 | D        | Reached skill level 10 in Axes
   524 | D        | Reached skill level 5 in Dodging
   622 | D        | Noticed Edmund
   626 | D        | Killed Edmund
   626 | D        | Received a gift from Trog
   632 | D        | Reached XP level 8. HP: 59/59 MP: 2/8
   636 | D        | Got a crude battleaxe {god gift}
   637 | D        | Identified the +2 battleaxe "Mud Pie of Death" {flame, Int+7} (Trog gifted it to you in the Dungeon)
   677 | D        | Reached skill level 11 in Axes
   678 | D        | Killed an unseen horror
   678 | D        | Reached skill level 12 in Axes
   771 | D        | Got the +2 war axe of Lyhuri {chop, Dex+2}
   840 | D        | Found a hide-covered altar of Uskayaw.
   840 | D        | Found an ancient bone altar of Kikubaaqudgha.
   840 | D        | Found a shattered altar of Ashenzari.
   870 | D        | Noticed a spiny frog
   870 | D        | Noticed an orc sorcerer
   874 | D        | Reached XP level 9. HP: 64/64 MP: 9/9
   875 | D        | Killed a spiny frog
   878 | D        | Paralysed by an orc sorcerer for 2 turns
   886 | D        | Killed an orc sorcerer
   886 | D        | Reached ****** piety under Trog
   932 | D        | Noticed a deep troll
   932 | D        | Noticed a rime drake
   932 | D        | Noticed a lindwurm
   941 | D        | Killed a deep troll
   941 | D        | Reached skill level 13 in Axes
   944 | D        | Killed a rime drake
   944 | D        | Reached skill level 10 in Armour
   948 | D        | Killed a lindwurm
   948 | D        | Reached XP level 10. HP: 53/72 MP: 10/10
  1209 | D        | Noticed an alligator snapping turtle
  1212 | D        | Received a gift from Trog
  1219 | D        | Reached skill level 14 in Axes
  1227 | D        | Killed an alligator snapping turtle
  1292 | D        | Noticed a flayed ghost
  1298 | D        | Killed a flayed ghost
  1344 | D        | Noticed a gargoyle
  1344 | D        | Noticed a molten gargoyle
  1354 | D        | Killed a molten gargoyle
  1356 | D        | Killed a gargoyle
  1356 | D        | Received a gift from Trog
  1356 | D        | Reached skill level 15 in Axes
  1474 | D        | Received a gift from Trog
  1535 | D        | Noticed a spriggan rider
  1535 | D        | Noticed a fire crab
  1551 | D        | Reached XP level 11. HP: 70/78 MP: 11/11
  1568 | D        | Received a gift from Trog
  1570 | D        | Killed a fire crab
  1845 | D        | Noticed a merfolk avatar
  1855 | D        | Received a gift from Trog
  1856 | D        | Reached skill level 16 in Axes
  1858 | D        | Reached skill level 5 in Stealth
  1859 | D        | Killed a merfolk avatar
  1859 | D        | Received a gift from Trog
  1864 | D        | Reached skill level 10 in Dodging
  1867 | D        | Received a gift from Trog
  1964 | D        | Received a gift from Trog
  2019 | D        | Gained mutation: You do not regenerate when monsters are visible. [potion of mutation]
  2019 | D        | Gained mutation: You have sharp toenails. [potion of mutation]
  2111 | D        | Noticed Eustachio
  2112 | D        | Noticed a flayed ghost
  2119 | D        | Killed Eustachio
  2122 | D        | Killed a flayed ghost
  2188 | D        | Noticed Rupert
  2188 | D        | Noticed a death yak
  2196 | D        | Killed a death yak
  2201 | D        | Killed a shadow wraith
  2202 | D        | Killed Rupert
  2202 | D        | Reached skill level 15 in Fighting
  2202 | D        | Reached skill level 17 in Axes
  2202 | D        | Reached XP level 12. HP: 44/87 MP: 12/12
  2437 | D        | Noticed a two-headed ogre
  2443 | D        | Received a gift from Trog
  2445 | D        | Killed a two-headed ogre
  2624 | D        | Noticed a minotaur
  2630 | D        | Killed a minotaur
  2630 | D        | Reached skill level 18 in Axes
  3027 | D        | Noticed a death cob
  3027 | D        | Noticed a titan
  3028 | D        | Found the +4 arc blade {discharge, rElec}
  3033 | D        | Killed a death cob
  3033 | D        | Received a gift from Trog
  3034 | D        | Mangled by a titan

Skill      XL: |  1  2  3  4  5  6  7  8  9 10 11 12 |
---------------+-------------------------------------+-----
Axes           | 3 6 8 9 10 12 13 15 17 18 | 18.4
Fighting       | 4 7 9 10 11 12 13 15 | 15.7
Dodging        | 3 4 5 6 8 9 11 | 11.6
Armour         | 3 4 6 8 10 11 | 11.3
Stealth        | 1 2 4 6 |  6.5

Action                   |  1- 3 |  4- 6 |  7- 9 | 10-12 || total
-------------------------+-------+-------+-------+-------++-------
Melee: Hand axe          |    23 |    36 |    36 |    23 ||   118
       War axe           |       |       |     9 |       ||     9
       Battleaxe         |       |       |    18 |    82 ||   100
       Kick              |       |       |       |    18 ||    18
Invok: Berserk           |     1 |     1 |     3 |     9 ||    14
       Brothers in Arms  |       |       |       |     8 ||     8
       Burn Spellbooks   |       |       |       |     1 ||     1
  Use: Potion            |       |       |     1 |     2 ||     3
  Eat: Chunk             |       |       |     2 |     8 ||    10
       Ration            |       |       |     1 |     3 ||     4
Armor: Animal skin       |     8 |       |       |       ||     8
       Ring mail         |       |    16 |    62 |       ||    78
       Robe              |       |       |     4 |    39 ||    43
Dodge: Dodged            |    15 |    13 |    58 |   109 ||   195
